Map: Ever Dream LE

Players

Trap - Winner!

  • Race: Protoss Protoss
  • League: Bronze
  • Spawn Location: 1:00

Liquidthermy (uThermal)

  • Race: Terran Terran
  • Spawn Location: 7:00

Event: Shopify TSL 5

VOD

Have the link to the VOD?

Description

Time

  • Played on: May 31, 2020, 8:38 a.m.
  • Length: 11:20

All games in this series

Show
View Real Time Build Order
Export as new Build Order

Trap Protoss - Winner!

Build Orders: 1 Gate Expand 

Get SALT Encoding   

  12  0:00  Probe  
  13  0:12  Probe  
  14  0:18  Pylon  
  14  0:25  Probe  
  15  0:37  Probe (Chrono Boost), Gateway  
  16  0:46  Probe (Chrono Boost), Assimilator  
  17  0:51  Probe (Chrono Boost)  
  18  1:03  Probe  
  19  1:15  Probe  
  20  1:25  Cybernetics Core  
  20  1:33  Nexus  
  20  1:40  Pylon  
  20  1:43  Probe  
  21  1:48  Assimilator  
  21  1:55  Probe  
  21  1:57  Warp Gate (Chrono Boost)  
  21  1:58  Stalker (Chrono Boost)  
  24  2:07  Probe  
  24  2:19  Probe  
  24  2:21  Stalker  
  27  2:28  Gateway  
  27  2:31  Probe  
  28  2:47  Probe x2  
  28  2:51  Stalker  
  32  2:58  Robotics Facility  
  32  3:05  Probe, Shield Battery  
  33  3:06  Probe  
  33  3:24  Gateway  
  33  3:31  Stalker x2  
  37  3:44  Immortal (Chrono Boost)  
  37  3:46  Pylon  
  41  3:55  Sentry, Zealot  
  45  4:02  Pylon  
  45  4:14  Immortal (Chrono Boost)  
  45  4:19  Sentry, Zealot  
  49  4:24  Zealot  
  51  4:42  Zealot  
  53  4:47  Stalker x2  
  55  4:55  Immortal (Chrono Boost)  
  59  5:05  Stalker  
  51  5:15  Stalker  
  45  5:22  Zealot  
  45  5:28  Immortal (Chrono Boost)  
  51  5:30  Zealot  
  53  5:39  Probe x2  
  47  5:44  Stalker  
  47  5:45  Zealot  
  43  5:56  Stalker  
  43  6:02  Warp Prism (Chrono Boost)  
  43  6:09  Zealot  
  41  6:14  Stalker  
  41  6:20  Stalker  
  43  6:28  Immortal (Chrono Boost)  
  47  6:38  Stalker  
  49  6:44  Stalker  
  51  6:53  Stalker  
  49  7:03  Zealot  
  47  7:09  Stalker  
  49  7:16  Probe x2  
  55  7:28  Stalker  
  55  7:29  Stalker  
  55  7:37  Probe x2  
  55  7:43  Stalker  
  50  7:52  Stalker x2  
  54  7:59  Probe  
  54  8:00  Probe  
  56  8:11  Probe  
  56  8:12  Probe  
  58  8:13  Stalker  
  60  8:21  Pylon  
  60  8:22  Stalker, Pylon  
  62  8:28  Warp Prism (Chrono Boost)  
  58  8:38  Probe x2  
  56  8:43  Assimilator  
  56  8:45  Twilight Council, Assimilator  
  56  8:46  Stalker x2  
  59  8:49  Zealot  
  59  8:53  Probe  
  59  8:54  Probe  
  62  9:01  Immortal (Chrono Boost)  
  62  9:07  Pylon  
  66  9:15  Zealot x3  
  72  9:20  Blink (Chrono Boost)  
  72  9:28  Probe x2  
  74  9:38  Dark Shrine  
  74  10:07  Immortal (Chrono Boost), Zealot x3  
  58  10:28  Stalker x3  
  58  10:29  Gateway  
  58  10:32  Gateway  
  56  10:51  Dark Templar x3  
Show
View Real Time Build Order
Export as new Build Order

Liquidthermy Terran 

Build Orders: 1/1/1, Cyclone Opening 

Get SALT Encoding   

  12  0:02  SCV  
  13  0:14  SCV  
  14  0:17  Supply Depot  
  14  0:26  SCV  
  15  0:39  SCV, Barracks  
  16  0:44  Refinery  
  16  0:51  SCV  
  17  0:58  Refinery  
  17  1:03  SCV  
  18  1:15  SCV  
  19  1:26  Reaper  
  19  1:27  Orbital Command  
  19  1:32  Supply Depot  
  20  1:44  Factory  
  20  1:53  SCV  
  21  1:58  Barracks Reactor  
  21  2:01  Supply Depot  
  21  2:05  SCV  
  22  2:17  SCV  
  23  2:27  Factory Tech Lab  
  23  2:28  Starport  
  23  2:29  SCV  
  24  2:34  Marine x2  
  26  2:38  Barracks  
  26  2:46  Cyclone  
  29  2:52  Marine x2  
  31  3:03  Supply Depot  
  31  3:04  Medivac  
  33  3:10  Marine x2  
  35  3:18  Siege Tank  
  38  3:26  Marine  
  39  3:28  Marine  
  39  3:32  Marine  
  40  3:42  Liberator  
  40  3:44  Marine  
  40  3:47  Supply Depot, Marine  
  45  3:53  Marine  
  46  4:05  Marine  
  46  4:10  Siege Tank  
  46  4:15  Marine  
  46  4:20  Marine  
  46  4:23  Marine  
  48  4:33  Marine  
  48  4:34  Bunker  
  47  4:48  Siege Tank  
  47  4:49  Marine  
  51  4:55  Marine  
  52  5:02  Marine  
  53  5:09  Marine  
  53  5:13  Marine  
  47  5:22  Siege Tank  
  47  5:27  Marine  
  50  5:33  Marine  
  51  5:40  Marine  
  41  5:45  Marine  
  36  5:51  Marine  
  35  5:59  Siege Tank  
  36  6:12  Marine  
  36  6:13  Marine  
  36  6:14  Marine  
  38  6:25  Liberator  
  40  6:30  Marine  
  41  6:40  Siege Tank  
  41  6:43  Marine  
  45  6:47  Marine  
  45  6:52  Marine  
  41  7:01  Marine  
  41  7:05  Marine  
  41  7:10  Marine  
  38  7:18  Liberator  
  38  7:19  Marine  
  41  7:22  Marine  
  41  7:28  Marine  
  41  7:37  Marine  
  41  7:40  Marine  
  34  7:46  Marine  
  34  7:50  SCV  
  35  7:55  Marine  
  36  8:00  Barracks Tech Lab  
  36  8:02  Barracks  
  36  8:08  SCV  
  34  8:18  Barracks  
  33  8:22  Stimpack  
  33  8:24  Marine  
  31  8:37  SCV  
  29  8:41  Marine  
  29  8:43  Marine  
  31  8:49  SCV  
  28  8:59  Barracks Reactor  
  28  9:01  SCV  
  28  9:02  Marine x2  
  30  9:06  Barracks Reactor  
  30  9:15  Marine  
  31  9:19  Marine  
  31  9:22  Marine  
  33  9:26  Factory Tech Lab  
  33  9:31  Supply Depot  
  33  9:33  Marine  
  33  9:35  Marine x2  
  36  9:43  Marine x3  
  36  9:45  Siege Tank  
  42  9:47  Marine  
  42  9:50  Marine  
  44  9:53  Marine  
  46  10:02  Marine x2  
  46  10:05  Marine  
  48  10:07  Marine  
  39  10:19  Marine  
  30  10:27  Marine  
  29  10:56  Marine  
  30  10:59  SCV  
Tags
 
Add a new tag
Caveats
  • Supply blocks, unpowered buildings, or Contaminate may cause inaccurate times.
  • Supply counts are checked every 10 seconds.